 Dungeon Crawl Stone Soup version 0.26-a0-28-gc929df5585 (webtiles) character file.

Game seed: 10289085648575830675, levelgen mode: deterministic

128 1994 the Grasshopper (level 4, -2/25 HPs)
             Began as a Deep Elf Warper on May 28, 2020.
             Killed from afar by an orc wizard (8 damage)
             ... with a magic dart
             ... on level 2 of the Dungeon.
             The game lasted 00:10:01 (4176 turns).

1994 the Grasshopper (Deep Elf Warper)              Turns: 4176, Time: 00:10:02

Health: -2/25      AC:  3    Str:  8    XL:     4   Next: 86%
Magic:  9/11       EV: 12    Int: 19    God:
Gold:   76         SH:  0    Dex: 14    Spells: 3/10 levels left

rFire    . . .     SeeInvis .   p - +0 dagger
rCold    . . .     Gourm    .   (no shield)
rNeg     . . .     Faith    .   h - +0 leather armour
rPois    .         Spirit   .   (no helmet)
rElec    .         Reflect  .   (no cloak)
rCorr    .         Harm     .   (no gloves)
MR       .....                  (no boots)
Stlth    ++........             (no amulet)
HPRegen  0.08/turn              (no ring)
MPRegen  0.12/turn              (no ring)

@: no status effects
A: no striking features
a: no special abilities


You were on level 2 of the Dungeon.
You were hungry.

You visited 1 branch of the dungeon, and saw 3 of its levels.

You collected 76 gold pieces.

Inventory:

Hand Weapons
 a - a +0 short sword
 b - a +0 hunting sling
 p - a +0 dagger (weapon)
Missiles
 g - 3 atropa-tipped darts (quivered)
 l - 45 stones
 u - 18 arrows
 v - 5 poisoned darts
Armour
 h - a +0 leather armour (worn)
Scrolls
 c - a scroll of fear {unknown}
 d - 4 scrolls of blinking
 e - a scroll of random uselessness {unknown}
 i - 4 scrolls of identify {unknown}
 n - 2 scrolls of magic mapping {unknown}
 o - a scroll of enchant weapon {unknown}
 q - a scroll of noise {unknown}
Potions
 j - a potion of stabbing {unknown}
 k - a potion of haste {unknown}
 m - 2 potions of flight {unknown}
 r - a potion of heal wounds {unknown}
 s - a potion of might {unknown}
Comestibles
 f - 8 rations
 t - 4 chunks of flesh


   Skills:
 - Level 1.5 Fighting
 * Level 3.1 Short Blades
 - Level 1.0 Throwing
 - Level 0.7 Armour
 + Level 3.0 Dodging
 * Level 2.8 Stealth
 + Level 3.6 Spellcasting
 * Level 2.0 Charms
 * Level 3.8 Translocations


You had 3 spell levels left.
You knew the following spells:

 Your Spells              Type           Power        Failure   Level  Hunger
a - Blink                 Tloc           N/A          6%          2    ##.....
b - Shroud of Golubria    Chrm/Tloc      ##....       9%          2    ##.....
c - Teleport Other        Tloc           ###.....     13%         3    ###....

Your spell library contained the following spells:

 Spells                   Type           Power        Failure   Level  Hunger
 Gell's Gravitas          Tloc           ###.......   13%         3    ###....
 Lesser Beckoning         Tloc           ###.......   13%         3    ###....
 Passage of Golubria      Tloc           N/A          38%         4    ####...


Dungeon Overview and Level Annotations

Branches:
Dungeon (3/15)

Altars:
Cheibriados
Fedhas
Makhleb
Sif Muna


Message History

You closely miss the orc wizard.
The orc wizard is moderately wounded.
The orc wizard closely misses you.
You closely miss the orc wizard.
The orc wizard is moderately wounded.
The orc wizard is no longer blind.
The orc wizard hits you with a +0 dagger.
Your shroud falls apart!
p - a +0 dagger (weapon)
The orc wizard casts a spell at you. The puff of flame hits you!
* * * LOW HITPOINT WARNING * * *
Throwing (i - inventory. (/) - cycle)
g - 4 atropa-tipped darts (quivered)
Press: ? - help, Shift-Dir - straight line, f/p - orc wizard
Aim: an orc wizard, wielding a +0 dagger and wearing a +0 robe (moderately wounded, fast, chance to blind on hit: 83%)
You throw an atropa-tipped dart.
The atropa-tipped dart barely misses the orc wizard.
The orc wizard points at you and mumbles some strange words.
The magic dart hits you!
You die...

..###.#.###..##8_.._.._8##.......
..# #...# #...##≈.....≈##........
.####..## #...##≈≈...≈≈##........
...##.#####....##≈≈.≈≈##.....^...
##.##.###.......##≈.≈##..........
##........#......##'##...........
....#.#####......................
.......# #....(.)....###########
##.....# #....)@.....# #8##
.......####....o......#####8...8
####.....##..............##.....
# #..[...............##.#>..... #
#....#.#....>......#####..... #
##...##..(###....#### ##8...8
#...)##.#.# ####...# ##8##
#.#<......# ###.# #########
#...#####.# #.# #.......#


You could see an orc wizard (fast).

Vanquished Creatures
  A howler monkey (D:2)
  An adder (D:2)
  An ooze (D:1)
  2 worms (D:2)
  2 dart slugs
  2 leopard geckos (D:1)
  5 orcs
  3 giant cockroaches
  5 goblins
  6 hobgoblins
  3 jackals (D:1)
  7 kobolds
  A quokka (D:2)
  7 bats
  3 frilled lizards (D:1)
  6 rats
55 creatures vanquished.

Notes
Turn   | Place    | Note
-------+----------+-------------------------------------------
     0 | D:1      | 1994 the Deep Elf Warper began the quest for the Orb.
     0 | D:1      | Reached XP level 1. HP: 12/12 MP: 6/6
    95 | D:1      | Reached skill level 1 in Stealth
   175 | D:1      | Reached XP level 2. HP: 16/16 MP: 8/8
   245 | D:1      | Learned a level 2 spell: Blink
   248 | D:1      | Learned a level 2 spell: Shroud of Golubria
   994 | D:1      | Reached XP level 3. HP: 20/20 MP: 9/9
  1000 | D:1      | Learned a level 3 spell: Teleport Other
  1517 | D:1      | Reached skill level 1 in Charms
  2994 | D:2      | Found a blossoming altar of Fedhas.
  3171 | D:2      | Reached XP level 4. HP: 16/25 MP: 7/11
  3355 | D:2      | Found a snail-covered altar of Cheibriados.
  3355 | D:2      | Found a burning altar of Makhleb.
  3356 | D:2      | Found a shimmering blue altar of Sif Muna.
  4176 | D:2      | Killed from afar by an orc wizard

Illustrated notes

Levels and vault maps discovered:
D:1:      lightli_arrival_maybe_door_vault, layout_loops_ring,
          chequers_decorated_corner
D:2:      layout_rooms, fedhas_altar_fruit_tree, nicolae_overflow_hidden_temple,
          gammafunk_temple_overflow_claw
D:3:      layout_basic, minmay_stone_trees_small, kennysheep_cross_room,
          minmay_fractal_squares_diagonal_5

Skill      XL: |  1  2  3  4 |
---------------+-------------+-----
Stealth        | 1 2 |  2.8
Charms         | 1 2 |  2.0
Short Blades   | 3 |  3.1
Dodging        | 3 |  3.0
Fighting       | |  1.5
Throwing       | |  1.0
Armour         | |  0.7
Spellcasting   | |  3.6
Translocations | |  3.8

Action                   |  1- 3 |  4- 6 || total
-------------------------+-------+-------++-------
Melee: Dagger            |   156 |     4 ||   160
       Short sword       |    82 |    68 ||   150
 Fire: Hunting sling     |    45 |       ||    45
Throw: Boomerang         |     5 |       ||     5
       Dart              |    15 |     5 ||    20
 Cast: Shroud of Golubri |     6 |     8 ||    14
       Blink             |     5 |     1 ||     6
       Teleport Other    |       |     1 ||     1
 Stab: Sleeping          |     8 |       ||     8
       Invisible         |     5 |     1 ||     6
  Eat: Chunk             |     8 |     3 ||    11
Armor: Leather armour    |    56 |    19 ||    75
Dodge: Dodged            |   164 |    39 ||   203

Table legend:
 A = Non-vault XP
 B = Vault XP
 C = Vault XP percentage of total XP
 D = Non-vault monster count
 E = Vault monster count
 F = Vault count percentage of total count
                 A         B        C        D         E       F
            +---------+---------+-------+---------+---------+-------
      Total |     183 |       0 |   0.0 |      55 |       0 |   0.0
            +---------+---------+-------+---------+---------+-------
        D:1 |      54 |       0 |   0.0 |      27 |       0 |   0.0
        D:2 |     121 |       0 |   0.0 |      23 |       0 |   0.0
        D:3 |       8 |       0 |   0.0 |       5 |       0 |   0.0
            +---------+---------+-------+---------+---------+-------
